 Dungeon Crawl Stone Soup version 0.17.0-24-gcfadda4 (console) character file.

161 jw the Cutter (level 5, 37/37 HPs)
             Began as an Octopode Berserker on Nov 17, 2015.
             Was a Follower of Trog.
             Starved to death
             ... on level 3 of the Dungeon.
             The game lasted 01:09:38 (5483 turns).

jw the Cutter (Octopode Berserker)                  Turns: 5483, Time: 01:09:38

Health: 37/37      AC:  1    Str: 16      XL:     5   Next: 42%
Magic:  5/5        EV: 13    Int: 10      God:    Trog [*.....]
Gold:   107        SH:  0    Dex: 10 (12) Spells: 0 memorised, 4 levels left

rFire  . . .     SeeInvis .     a - +2 short sword
rCold  . . .     Clarity  .     (no shield)
rNeg   . . .     SustAt   .     (helmet restricted)
rPois  .         Gourm    .     (no amulet)
rElec  .         Spirit   .     (no ring)
rCorr  .         Warding  .     (no ring)
rMut   .         Stasis   .     (no ring)
MR     .....                    (no ring)
Stlth  +++.......               (no ring)
                                (no ring)
                                (no ring)
                                (no ring)

@: fainting, not resistant to hostile enchantments, fairly stealthy
A: almost no armour, amphibious, 8 rings, constrict 8, camouflage 1, gelatinous
body 1
a: Berserk, Burn Spellbooks, Renounce Religion


You were on level 3 of the Dungeon.
You worshipped Trog.
Trog was aware of your devotion.
You were fainting.

You visited 1 branch of the dungeon, and saw 3 of its levels.

You collected 107 gold pieces.

Inventory:

Hand Weapons
 a - a +2 short sword (weapon)
Missiles
 d - 75 stones
 e - 3 silver tomahawks (quivered)
Wands
 g - a wand of random effects (25)
Scrolls
 c - a scroll of recharging
 h - a scroll of magic mapping {unknown}
 i - 2 scrolls of teleportation {unknown}


   Skills:
 + Level 3.7 Fighting
 * Level 4.0 Short Blades
 + Level 1.2 Throwing
 + Level 3.4 Dodging
 * Level 3.7 Stealth


You had 4 spell levels left.
You didn't know any spells.

Dungeon Overview and Level Annotations

Branches:
Dungeon (3/15)

Altars:
Nemelex Xobeh
Trog
The Shining One


Innate Abilities, Weirdness & Mutations

You cannot wear most types of armour.
You are amphibious.
You can wear up to eight rings at the same time.
You can use your tentacles to constrict eight enemies at once.
Your skin changes colour to match your surroundings (Stealth).
Your rubbery body absorbs attacks (AC +1).


Message History

Aim: a moth of wrath (fire blocked by an iron grate)
Your line of fire to the moth of wrath is blocked by an iron grate.
Continue anyway?
Okay, then.
ATTACK MOVE TO (0,-1) Evoke which item? (* to show all) (? for menu, Esc to quit)
Zapping:
g - a wand of random effects (will waste charges)
Press: ? - help, Shift-Dir - straight line, f/p - moth of wrath
Aim: a moth of wrath (fire blocked by an iron grate)
Your line of fire to the moth of wrath is blocked by an iron grate.
Continue anyway?
Okay, then.
ATTACK MOVE TO (1,0) Evoke which item? (* to show all) (? for menu, Esc to quit)
Zapping:
g - a wand of random effects (will waste charges)
Press: ? - help, Shift-Dir - straight line, f/p - moth of wrath
Aim: a moth of wrath (fire blocked by an iron grate)
Your line of fire to the moth of wrath is blocked by an iron grate.
Continue anyway?
Okay, then.
ATTACK MOVE TO (0,-1)
You have starved to death.
You die...

###### ##....###
##.......##
#.........#
#....#....##
####...###....#
#......#y#._.)####
#.##..x###....#..#
#.##....#...)##..#
#.##........)##..#
#.###......)##...#
#...##....###....#
#....#######.....#
###.....>........##
##.............>#####
##.................#


You could see a moth of wrath.

Table legend:
 A = Turns spent in this place as a percentage of turns spent in the entire game.
 B = Non-inter-level travel turns spent in this place as a percentage of non-inter-level travel turns spent in the entire game.
 C = Inter-level travel turns spent in this place as a percentage of turns spent in this place.
 D = Turns resting spent in this place as a percentage of non-inter-level travel turns spent in this place.
 E = Turns spent auto-exploring this place as a percentage of non-inter-level travel turns spent in this place.
 F = Non-inter-level travel turns spent in this place divided by the number of levels of this place that you've seen.
                   A       B       C       D       E      F
               +-------+-------+-------+-------+-------+----------------------
         Total | 100.0 | 100.0 |   0.0 |   0.1 |   0.3 | 10244.3
       Dungeon | 100.0 | 100.0 |   0.0 |   0.1 |   0.3 | 10244.3
               +-------+-------+-------+-------+-------+----------------------

Table legend:
 A = Kills in this place as a percentage of kills in entire the game.
 B = Kills by you in this place as a percentage of kills by you in the entire game.
 C = Kills by friends in this place as a percentage of kills by friends in the entire game.
 D = Other kills in this place as a percentage of other kills in the entire game.
 E = Experience gained in this place as a percentage of experience gained in the entire game.
 F = Experience gained in this place divided by the number of levels of this place that you have seen.
                   A       B       C       D       E      F
               +-------+-------+-------+-------+-------+----------------------
         Total | 100.0 | 100.0 |  -nan |  -nan | 100.0 |  76.7
       Dungeon | 100.0 | 100.0 |  -nan |  -nan | 100.0 |  76.7
               +-------+-------+-------+-------+-------+----------------------

Vanquished Creatures
  A gnoll (D:1)
  8 adders
  An ooze (D:3)
  4 worms
  2 giant geckos
  An orc (D:3)
  2 giant cockroaches
  9 goblins
  6 hobgoblins
  4 kobolds
  3 quokkas
  7 bats
  3 giant newts
  10 rats
61 creatures vanquished.

Notes
Turn   | Place    | Note
--------------------------------------------------------------
     0 | D:1      | jw the Octopode Berserker began the quest for the Orb.
     0 | D:1      | Reached XP level 1. HP: 16/16 MP: 1/1
    41 | D:1      | Reached skill level 1 in Stealth
   187 | D:1      | Reached XP level 2. HP: 21/21 MP: 2/2
   509 | D:1      | Reached XP level 3. HP: 26/26 MP: 3/3
   695 | D:2      | Reached skill level 1 in Throwing
   698 | D:2      | Reached ** piety under Trog
  1027 | D:2      | Reached XP level 4. HP: 26/31 MP: 4/4
  1674 | D:2      | Found a sparkling altar of Nemelex Xobeh.
  1674 | D:2      | Found a glowing golden altar of the Shining One.
  1933 | D:3      | Reached XP level 5. HP: 25/36 MP: 5/5
  2167 | D:3      | Reached skill level 4 in Short Blades
  2249 | D:3      | Reached *** piety under Trog
  2313 | D:3      | Noticed a moth of wrath
  2317 | D:3      | Found a bloodstained altar of Trog.
  5483 | D:3      | Starved to death

Action                   |  1- 3 |  4- 6 || total
-------------------------+-------+-------++-------
Melee: Short sword       |    41 |    58 ||    99
Throw: Stone             |    18 |     9 ||    27
       Tomahawk          |       |    19 ||    19
Invok: Berserk           |     1 |    17 ||    18
       Trog's Hand       |       |    11 ||    11
  Use: Scroll            |     2 |     2 ||     4
       Potion            |       |     3 ||     3
 Stab: Sleeping          |     7 |     7 ||    14
       Distracted        |       |     1 ||     1
  Eat: Chunk             |     1 |     4 ||     5
       Bread ration      |       |     3 ||     3
       Meat ration       |       |     2 ||     2
       Fruit             |       |     2 ||     2

Vault maps used:
D:1:      dpeg_arrival_arbitrary_a
D:2:      gammafunk_temple_overflow_elements, first_bread, st_stairs_1
D:3:      tgw_trog, portal_sewer_entry_e, uniq_iyjb
